 Dungeon Crawl Stone Soup version 0.31-a0-479-g91c9547826 (console) character file.

Game seed: 11560075009723834777

465 Lexodia the Sneak (level 6, -1/24 HPs)
             Began as a Felid Enchanter on Aug 7, 2023.
             Was a Follower of Dithmenos.
             Slain by Duvessa
             ... wielding a +3 rapier of venom
              (12 damage)
             ... on level 4 of the Dungeon.
             The game lasted 00:09:21 (3168 turns).

Lexodia the Sneak (Felid Enchanter)                 Turns: 3168, Time: 00:09:21

Health: -1/24      AC:  2    Str:  4    XL:     6   Next: 80%
Magic:  7/11       EV: 17    Int: 24    God:    Dithmenos [*.....]
Gold:   254        SH:  0    Dex: 17    Spells: 9/11 levels left
                                        Lives:  0   Deaths: 1

rFire   . .          .
                       - Unarmed
rCold   . . .        (shield unavailable)
rNeg    . . .        (body armour unavailable)
rPois   .            (helmet unavailable)
rElec   .            (cloak unavailable)
rCorr   .            (gloves unavailable)
SInv    +            (boots unavailable)
Will    .....        (no amulet)
Stlth   ++           h - +6 ring of intelligence
HPRegen 0.24/turn    (no ring)
MPRegen 0.12/turn

%: no passive effects
@: lethally poisoned (-1 -> -12), lit by a corona, glowing, quick
A: very small, claws 1, fangs 3, see invisible, speed 1, shaggy fur 2, stealthy
paws, no weapons or thrown items, no armour, multi-lived
a: Renounce Religion


You were on level 4 of the Dungeon.
You worshipped Dithmenos.
Dithmenos was aware of your devotion.
You visited 1 branch of the dungeon, and saw 4 of its levels.

You collected 254 gold pieces.

Inventory:

Jewellery
 h - a +6 ring of intelligence (left paw)
 o - a ring of fire
Wands
 n - a wand of roots (10)
Scrolls
 b - 2 scrolls of teleportation
 c - a scroll of vulnerability
 d - a scroll of identify
 e - a scroll of enchant armour
 g - a scroll of brand weapon
 l - a scroll of butterflies {unknown}
Potions
 a - 2 potions of invisibility
 f - a potion of heal wounds {unknown}
 i - a potion of cancellation {unknown}
 j - a potion of might
 k - 2 potions of curing {unknown}
 m - a potion of haste {unknown}


   Skills:
 - Level 2.6 Dodging
 + Level 6.2 Stealth
 + Level 5.3 Unarmed Combat
 - Level 3.0 Spellcasting
 - Level 6.0 Hexes


You had 9 spell levels left.
You knew the following spells:

 Your Spells              Type           Power      Damage    Failure   Level
a - Ensorcelled Hibernat  Hex/Ice        36%        N/A       4%          2

Your spell library contained the following spells:

 Spells                   Type           Power      Damage    Failure   Level
 Confusing Touch          Hex            32%        N/A       2%          3
 Tukima's Dance           Hex            32%        N/A       2%          3
 Dazzling Flash           Conj/Hex       36%        N/A       10%         3
 Foxfire                  Conj/Fire      12%        2x1d4     11%         1
 Kiss of Death            Conj/Necr      12%        2d6       11%         1
 Sting                    Tmut/Pois      12%        1d3       11%         1
 Poisonous Vapours        Pois/Air       6%         N/A       16%         2
 Dispel Undead            Necr           3%         3d7       71%         4
 Olgreb's Toxic Radiance  Pois           3%         N/A       71%         4
 Plasma Beam              Fire/Air       1%         2x1d11    100%        6
 Starburst                Conj/Fire      1%         6d3       100%        6


Dungeon Overview and Level Annotations

Branches:
Dungeon (4/15)
 Temple: D:4-7

Altars:
Dithmenos

Annotations:
D:4 Dowan, Duvessa, Edmund


Innate Abilities, Weirdness & Mutations

You have sharp claws.
You have razor-sharp teeth.
You have supernaturally acute eyesight. (SInv)
You cover ground quickly. (Speed+)
You are covered in thick fur. (AC +2)
Your paws help you pounce on unaware monsters.
You are incapable of wielding weapons or throwing items.
You cannot wear armour.
You gain extra lives every three experience levels.


Message History

You start waiting.
Duvessa is nearby!
Casting: Ensorcelled Hibernation (safe; 4% risk of failure)
Confirm with . or Enter, or press ? or * to list all spells.
Aiming: Ensorcelled Hibernation (safe; 4% risk of failure)
Press: ? - help, Shift-Dir - straight line, f - Duvessa
Aim: Duvessa, wielding a +3 rapier of venom and wearing a +0 ring mail (chance to affect: 33%) Duvessa easily resists.
Duvessa looks drowsy...
The helpless Duvessa fails to defend herself.
You mangle Duvessa!!
Duvessa is almost dead.
Duvessa barely misses you.
Dowan shouts!
You scratch Duvessa.
Duvessa is almost dead.
Dowan points at you and mumbles some strange words.
You are outlined in light.
You barely miss Duvessa.
Duvessa is almost dead.
Duvessa completely misses you.
Dowan generates a fountain of clear water, and laughs cruelly.
You scratch Duvessa but do no damage.
Duvessa is almost dead.
Dowan barely misses you.
Duvessa hits you with a +3 rapier of venom.
Damage: -8%(-2hp) hp: 92%(22hp)
You scratch Duvessa but do no damage.
Duvessa is almost dead.
Duvessa hits you with a +3 rapier of venom.
You are poisoned.
Dowan hits you with a +0 dagger.
Huge Dmg: -33%(-8hp) hp: 59%(14hp)
You closely miss Duvessa.
Duvessa is almost dead.
You feel very sick. Dowan closely misses you.
Duvessa hits you with a +3 rapier of venom!
Ouch! That really hurt!
You die...

.##.#.......# #.# .##.#.####..#
#.# .##.#.# #†.# #.# .##.#.#
#..# #.# .##†#.# #..# #.# ###
......# #..# #.# ...
.##.######..###.## #.# ....#
#........†# ##.##
.#######.#...##e@# ##...##
......##.##..##.e#####.....####
#####.##.##..##†...............
#.##.##.....######.....###
#.##.###.#### ##..e##
#####..........# ##.....e..
......##.#####.# #########
.........# #.# ########.# #.#


You could see Duvessa and Dowan.

Vanquished Creatures
  Eustachio (D:4)
  A scorpion (D:4)
  A howler monkey (D:4)
  A jelly (D:4)
  3 hounds (D:4)
  An iguana (D:4)
  7 adders
  A dart slug (D:1)
  6 ball pythons
  2 bats
  7 endoplasms
  6 giant cockroaches
  5 goblins
  5 hobgoblins
  10 jackals
  2 kobolds
  2 quokkas
  3 frilled lizards
  5 rats (D:1)
69 creatures vanquished.

Notes
Turn   | Place    | Note
-------+----------+-------------------------------------------
     0 | D:1      | Lexodia the Felid Enchanter began the quest for the Orb.
     0 | D:1      | Reached XP level 1. HP: 7/7 MP: 4/4
    96 | D:1      | Huge Dmg: 5 dmg
   128 | D:1      | Huge Dmg: 3 dmg
   131 | D:1      | Huge Dmg: 3 dmg
   132 | D:1      | Reached XP level 2. HP: 3/11 MP: 6/6
   135 | D:1      | Learned a level 2 spell: Ensorcelled Hibernation
   473 | D:1      | Huge Dmg: 4 dmg
   737 | D:1      | Huge Dmg: 3 dmg
   921 | D:2      | Reached XP level 3. HP: 14/14 MP: 4/7
  1164 | D:2      | Huge Dmg: 5 dmg
  1165 | D:2      | Huge Dmg: 1 dmg
  1258 | D:2      | Huge Dmg: 3 dmg
  1430 | D:2      | Reached XP level 4. HP: 18/18 MP: 8/8
  2017 | D:3      | Found a faded altar of an unknown god.
  2031 | D:3      | Prayed at the altar of an unknown god.
  2031 | D:3      | Became a worshipper of Dithmenos the Shadowed
  2031 | D:3      | Reached * piety under Dithmenos
  2064 | D:3      | Shot with a sling bullet by a goblin
  2065 | D:3      | Reached XP level 3. HP: -9/14 MP: 7/7
  2651 | D:4      | Noticed Edmund
  2652 | D:4      | Noticed a scorpion
  2670 | D:4      | Huge Dmg: 9 dmg
  2690 | D:4      | Reached XP level 4. HP: 11/18 MP: 2/8
  2799 | D:4      | Noticed Eustachio
  2806 | D:4      | Killed Eustachio
  2807 | D:4      | Reached skill level 5 in Stealth
  2807 | D:4      | Reached skill level 5 in Hexes
  2807 | D:4      | Reached XP level 5. HP: 21/21 MP: 6/10
  2807 | D:4      | Gained mutation: You are covered in thick fur. (AC +2)
                  | [Felid growth]
  2807 | D:4      | Reached XP level 6. HP: 24/24 MP: 6/11
  2904 | D:4      | Reached skill level 5 in Unarmed Combat
  2965 | D:4      | Huge Dmg: 5 dmg
  3141 | D:4      | Noticed Dowan
  3144 | D:4      | Noticed Duvessa
  3168 | D:4      | Huge Dmg: 8 dmg
  3168 | D:4      | Slain by Duvessa

Illustrated notes

Levels and vault maps discovered:
D:1:      minmay_arrival_wavy_path, layout_basic, serial_curves, eino_curves_01,
          eino_curves_01
D:2:      layout_rooms, nrook_mini_vaults
D:3:      layout_basic, basic_ecumenical_altar, minivault_11
D:4:      layout_loops_ring, minitemple, nicolae_underground_beach,
          uniq_duvessa, uniq_edmund, uniq_eustachio, uniq_natasha

Skill      XL: |  1  2  3  4  5  6 |
---------------+-------------------+-----
Unarmed Combat | 2 3 4 5 |  5.3
Stealth        | 5 6 |  6.2
Hexes          | 5 6 |  6.0
Spellcasting   | 3 |  3.0
Dodging        | |  2.6

Action                     |  1- 3 |  4- 6 || total
---------------------------+-------+-------++-------
  Melee: Unarmed           |    75 |    50 ||   125
         Bite              |     6 |     3 ||     9
         Punch             |     2 |       ||     2
   Cast: Ensorcelled Hiber |    28 |    20 ||    48
    Use: Potion            |     2 |       ||     2
         Scroll            |       |     4 ||     4
   Stab: Sleeping          |    27 |    21 ||    48
         Distracted        |     1 |       ||     1
 Armour: Skin              |     7 |     1 ||     8
  Dodge: Dodged            |    46 |    45 ||    91

Table legend: (Time is in decaauts)
 A = Elapsed time spent in this place.
 B = Non-inter-level travel time spent in this place.
 C = Inter-level travel time spent in this place.
 D = Time resting spent in this place.
 E = Time spent auto-exploring this place.
 F = Levels seen in this place.
 G = Mean time per level.
                   A        B        C        D        E       F      G
               +--------+--------+--------+--------+--------+-----+--------+
         Total |   2770 |   2697 |     73 |     41 |   2152 |   4 |  692.5 |
       Dungeon |   2770 |   2697 |     73 |     41 |   2152 |   4 |  692.5 |
               +--------+--------+--------+--------+--------+-----+--------+

Top non-repeatable levels by time:
     D:1: 774 daAuts
     D:3: 774 daAuts
     D:2: 742 daAuts
     D:4: 479 daAuts
